| TOP OF THE 1ST |
|
Oklahoma City Dodgers batting - Pitching for Albuquerque Isotopes : LHP Justin Miller
|
|
Pitching: LHP Justin Miller
|
|
|
Batting: RHB Justin Anastasio
|
0-0: Ball 1-0: Ball 2-0: Ball 3-0: Ground out 4-3 (Groundball, 4M, EV 86.9 MPH)
|
|
Batting: RHB Armando Galindo
|
0-0: Ball 1-0: Ball 2-0: Ball 3-0: Called Strike 3-1: Base on Balls
|
|
Batting: LHB Alex Ramos
|
0-0: Swinging Strike 0-1: Ball 1-1: SINGLE (Groundball, 4MD, EV 94.4 MPH) Armando Galindo to second
|
|
Batting: RHB Dusty Pollert
|
0-0: Foul Ball, location: 2F 0-1: Foul Ball, location: 2F 0-2: Ball 1-2: Grounds into double play, 4-6-3 (Groundball, 4, EV 82.5 MPH)
|
| Top of the 1st over - 0 runs, 1 hit, 0 errors, 1 left on base; Oklahoma City 0 - Albuquerque 0 |
| BOTTOM OF THE 1ST |
|
Albuquerque Isotopes batting - Pitching for Oklahoma City Dodgers : RHP Jim Ruleman
|
|
Pitching: RHP Jim Ruleman
|
|
|
Batting: RHB Ron Johansen
|
0-0: TRIPLE (Flyball, 89XD, EV 91.2 MPH)
|
|
Batting: SHB Pat Wilson
|
0-0: Ball 1-0: Ball 2-0: Ball 3-0: Ground out 6-3 (Groundball, 6, EV 90.6 MPH) Ron Johansen scores
|
|
Batting: LHB Tetsuya Oba
|
0-0: Foul Ball, location: 2F 0-1: Ground out U3 (Groundball, 34, EV 86.2 MPH)
|
|
Batting: RHB Jerry Castro
|
0-0: Called Strike 0-1: Ball 1-1: Called Strike 1-2: Fly out, F8 (Flyball, 8LS, EV 87.5 MPH)
|
| Bottom of the 1st over - 1 run, 1 hit, 0 errors, 0 left on base; Oklahoma City 0 - Albuquerque 1 |
| TOP OF THE 2ND |
|
Oklahoma City Dodgers batting - Pitching for Albuquerque Isotopes : LHP Justin Miller
|
|
Batting: RHB Steve Perez
|
0-0: Ball 1-0: Foul Ball, location: 2F 1-1: Swinging Strike 1-2: Ball 2-2: Foul Ball, location: 2F 2-2: Ball 3-2: Foul Ball, location: 2F 3-2: Foul Ball, location: 2F 3-2: Foul Ball, location: 2F 3-2: Ground out 6-3 (Groundball, 6S, EV 80.0 MPH)
|
|
Batting: RHB Terry Jarrells
|
0-0: Swinging Strike 0-1: Foul Ball, location: 2F 0-2: Ball 1-2: Strikes out swinging
|
|
Batting: RHB Travis Bradfute
|
0-0: Called Strike 0-1: Called Strike 0-2: Foul Ball, location: 2F 0-2: Ball 1-2: Foul Ball, location: 2F 1-2: Foul Ball, location: 2F 1-2: Ball 2-2: Foul Ball, location: 2F 2-2: Strikes out swinging
|
| Top of the 2nd over - 0 runs, 0 hits, 0 errors, 0 left on base; Oklahoma City 0 - Albuquerque 1 |
| BOTTOM OF THE 2ND |
|
Albuquerque Isotopes batting - Pitching for Oklahoma City Dodgers : RHP Jim Ruleman
|
|
Batting: SHB Bradley Barrowcliff
|
0-0: Ball 1-0: Ball 2-0: Called Strike 2-1: Called Strike 2-2: Ball 3-2: Base on Balls
|
|
Batting: RHB Bobby Heagle
|
0-0: SINGLE (Groundball, 6M, EV 102.5 MPH) (infield hit) Bradley Barrowcliff to second
|
|
Batting: RHB Ben Alspach
|
0-0: Foul Ball, location: 2F 0-1: Called Strike 0-2: Ball 1-2: Strikes out looking
|
|
Batting: RHB Nate Carrell
|
0-0: SINGLE (Line Drive, 8LS, EV 92.5 MPH) Bradley Barrowcliff to third Bobby Heagle to second Throwing error, E8 Bradley Barrowcliff scores Bobby Heagle to third Nate Carrell to second
|
|
Batting: RHB Josh Baker
|
0-0: Fly out, F6 (Popup, 6D, EV 54.4 MPH)
|
|
Batting: RHB Ron Johansen
|
0-0: Ball 1-0: Foul Ball, location: 2F 1-1: Called Strike 1-2: Ball 2-2: Ball 3-2: Fly out, F8 (Flyball, 8RXD, EV 105.0 MPH)
|
| Bottom of the 2nd over - 1 run, 2 hits, 1 error, 2 left on base; Oklahoma City 0 - Albuquerque 2 |
| TOP OF THE 3RD |
|
Oklahoma City Dodgers batting - Pitching for Albuquerque Isotopes : LHP Justin Miller
|
|
Batting: RHB Mike Brickey
|
0-0: Ball 1-0: SINGLE (Groundball, 6MD, EV 94.4 MPH)
|
|
Batting: RHB Mike Moore
|
0-0: Ball 1-0: Ball 2-0: Grounds into double play, 6-4-3 (Groundball, 6, EV 101.2 MPH)
|
|
Batting: RHB Justin Anastasio
|
0-0: Ball 1-0: Ball 2-0: Called Strike 2-1: Called Strike 2-2: Strikes out swinging
|
| Top of the 3rd over - 0 runs, 1 hit, 0 errors, 0 left on base; Oklahoma City 0 - Albuquerque 2 |
| BOTTOM OF THE 3RD |
|
Albuquerque Isotopes batting - Pitching for Oklahoma City Dodgers : RHP Jim Ruleman
|
|
Batting: SHB Pat Wilson
|
0-0: Called Strike 0-1: Foul Ball, location: 2F 0-2: Ball 1-2: Fly out, F7 (Line Drive, 7, EV 96.2 MPH)
|
|
Batting: LHB Tetsuya Oba
|
0-0: Called Strike 0-1: Foul Ball, location: 2F 0-2: Ball 1-2: Foul Ball, location: 2F 1-2: Ball 2-2: Ball 3-2: Base on Balls
|
|
Batting: RHB Jerry Castro
|
0-0: Ball 1-0: Ball 2-0: Called Strike Tetsuya Oba steals 2nd base 2-1: SINGLE (Groundball, 6, EV 104.4 MPH) Tetsuya Oba to third
|
|
Batting: SHB Bradley Barrowcliff
|
0-0: Ball Jerry Castro steals 2nd base 1-0: Called Strike 1-1: Called Strike 1-2: Ball 2-2: Strikes out swinging
|
|
Pitching: RHP Ludo Argo
|
|
|
Batting: RHB Bobby Heagle
|
0-0: Ground out 5-3 (Groundball, 56D, EV 98.8 MPH)
|
| Bottom of the 3rd over - 0 runs, 1 hit, 0 errors, 2 left on base; Oklahoma City 0 - Albuquerque 2 |
| TOP OF THE 4TH |
|
Oklahoma City Dodgers batting - Pitching for Albuquerque Isotopes : LHP Justin Miller
|
|
Batting: RHB Armando Galindo
|
0-0: Swinging Strike 0-1: Ground out 6-3 (Groundball, 56, EV 78.1 MPH)
|
|
Batting: LHB Alex Ramos
|
0-0: Ball 1-0: Called Strike 1-1: Swinging Strike 1-2: Strikes out looking
|
|
Batting: RHB Dusty Pollert
|
0-0: Ball 1-0: Ball 2-0: Called Strike 2-1: SINGLE (Flyball, 3D, EV 91.2 MPH)
|
|
Batting: RHB Steve Perez
|
0-0: Ball 1-0: Ball 2-0: Ball 3-0: Base on Balls Dusty Pollert to second
|
|
Batting: RHB Terry Jarrells
|
0-0: Foul Ball, location: 2F 0-1: DOUBLE (Groundball, 5L, EV 102.5 MPH) Dusty Pollert scores Steve Perez to third
|
|
Batting: RHB Travis Bradfute
|
0-0: Foul Ball, location: 2F 0-1: Foul Ball, location: 2F 0-2: Ground out 6-3 (Groundball, 6, EV 86.9 MPH)
|
| Top of the 4th over - 1 run, 2 hits, 0 errors, 2 left on base; Oklahoma City 1 - Albuquerque 2 |
| BOTTOM OF THE 4TH |
|
Albuquerque Isotopes batting - Pitching for Oklahoma City Dodgers : RHP Ludo Argo
|
|
Batting: RHB Ben Alspach
|
0-0: Ball 1-0: Foul Ball, location: 2F 1-1: Ground out 6-3 (Groundball, 6, EV 87.5 MPH)
|
|
Batting: RHB Nate Carrell
|
0-0: Ball 1-0: Called Strike 1-1: Ball 2-1: Called Strike 2-2: Foul Ball, location: 2F 2-2: Foul Ball, location: 2F 2-2: Foul Ball, location: 2F 2-2: Foul Ball, location: 2F 2-2: Fly out, F5 (Popup, 5L, EV 70.0 MPH)
|
|
Batting: RHB Josh Baker
|
0-0: Foul Ball, location: 2F 0-1: Ball 1-1: Swinging Strike 1-2: Foul Ball, location: 2F 1-2: Ball 2-2: Ball 3-2: Foul Ball, location: 2F 3-2: Strikes out looking
|
| Bottom of the 4th over - 0 runs, 0 hits, 0 errors, 0 left on base; Oklahoma City 1 - Albuquerque 2 |
| TOP OF THE 5TH |
|
Oklahoma City Dodgers batting - Pitching for Albuquerque Isotopes : LHP Justin Miller
|
|
Batting: RHB Mike Brickey
|
0-0: Ball 1-0: Swinging Strike 1-1: Ball 2-1: Foul Ball, location: 2F 2-2: Ground out 6-3 (Groundball, 6, EV 83.8 MPH)
|
|
Batting: RHB Mike Moore
|
0-0: SINGLE (Groundball, 56S, EV 70.0 MPH) (infield hit)
|
|
Batting: RHB Justin Anastasio
|
0-0: Foul Ball, location: 2F 0-1: Called Strike 0-2: Strikes out swinging
|
|
Batting: RHB Armando Galindo
|
0-0: Ball 1-0: Foul Ball, location: 2F 1-1: Foul Ball, location: 2F 1-2: Fly out, F8 (Flyball, 8RM, EV 79.4 MPH)
|
| Top of the 5th over - 0 runs, 1 hit, 0 errors, 1 left on base; Oklahoma City 1 - Albuquerque 2 |
| BOTTOM OF THE 5TH |
|
Albuquerque Isotopes batting - Pitching for Oklahoma City Dodgers : RHP Ludo Argo
|
|
Batting: RHB Ron Johansen
|
0-0: Ball 1-0: Called Strike 1-1: Foul Ball, location: 2F 1-2: Fly out, F7 (Flyball, 78M, EV 93.1 MPH)
|
|
Batting: SHB Pat Wilson
|
0-0: Ball 1-0: Ball 2-0: Ground out 6-3 (Groundball, 6, EV 78.1 MPH)
|
|
Batting: LHB Tetsuya Oba
|
0-0: Called Strike 0-1: Ground out 3-1 (Groundball, 34S, EV 86.9 MPH)
|
| Bottom of the 5th over - 0 runs, 0 hits, 0 errors, 0 left on base; Oklahoma City 1 - Albuquerque 2 |
| TOP OF THE 6TH |
|
Oklahoma City Dodgers batting - Pitching for Albuquerque Isotopes : LHP Justin Miller
|
|
Batting: LHB Alex Ramos
|
0-0: Called Strike 0-1: Swinging Strike 0-2: Strikes out swinging
|
|
Batting: RHB Dusty Pollert
|
0-0: Ball 1-0: Ball 2-0: Ball 3-0: Called Strike 3-1: Fly out, F7 (Flyball, 78XD, EV 105.6 MPH)
|
|
Batting: RHB Steve Perez
|
0-0: Called Strike 0-1: Called Strike 0-2: Ball 1-2: Ball 2-2: Ball 3-2: Ground out 6-3 (Groundball, 6, EV 89.4 MPH)
|
| Top of the 6th over - 0 runs, 0 hits, 0 errors, 0 left on base; Oklahoma City 1 - Albuquerque 2 |
| BOTTOM OF THE 6TH |
|
Albuquerque Isotopes batting - Pitching for Oklahoma City Dodgers : RHP Ludo Argo
|
|
Batting: RHB Jerry Castro
|
0-0: Called Strike 0-1: Ball 1-1: Foul Ball, location: 2F 1-2: Ball 2-2: Foul Ball, location: 2F 2-2: Strikes out swinging
|
|
Batting: SHB Bradley Barrowcliff
|
0-0: Ball 1-0: Ball 2-0: Fly out, F7 (Flyball, 78D, EV 103.8 MPH)
|
|
Pitching: LHP Alfonso Guillen
|
|
|
Batting: RHB Bobby Heagle
|
0-0: Called Strike 0-1: Ball 1-1: Foul Ball, location: 2F 1-2: Foul Ball, location: 2F 1-2: Foul Ball, location: 2F 1-2: Ball 2-2: Ball 3-2: Base on Balls
|
|
Batting: RHB Ben Alspach
|
0-0: Ball 1-0: Called Strike Bobby Heagle steals 2nd base (no throw) 1-1: Ball 2-1: Ball 3-1: SINGLE (Line Drive, 89M, EV 96.9 MPH) Bobby Heagle to third Runner from 3rd tries for Home, throw by RF and OUT! 9-2
|
| Bottom of the 6th over - 0 runs, 1 hit, 0 errors, 1 left on base; Oklahoma City 1 - Albuquerque 2 |
| TOP OF THE 7TH |
|
Oklahoma City Dodgers batting - Pitching for Albuquerque Isotopes : LHP Justin Miller
|
|
Batting: RHB Terry Jarrells
|
0-0: Ball 1-0: Called Strike 1-1: Called Strike 1-2: Fly out, F8 (Flyball, 8RS, EV 91.9 MPH)
|
|
Batting: RHB Travis Bradfute
|
0-0: Ball 1-0: Ball 2-0: Called Strike 2-1: Foul Ball, location: 2F 2-2: Foul Ball, location: 2F 2-2: Ball 3-2: Foul Ball, location: 2F 3-2: Base on Balls
|
|
Pitching: LHP Tyler Adams
|
|
|
Batting: RHB Mike Brickey
|
0-0: Swinging Strike 0-1: Swinging Strike 0-2: Foul Ball, location: 2F 0-2: Ball 1-2: Ball 2-2: Strikes out swinging
|
|
Batting: RHB Mike Moore
|
0-0: Ball 1-0: Ball 2-0: Called Strike 2-1: Swinging Strike 2-2: Foul Ball, location: 2F 2-2: Ball 3-2: 2-RUN HOME RUN (Flyball, 7D, EV 98.8 MPH), Distance : 367 ft
|
|
Batting: RHB Justin Anastasio
|
0-0: Foul Ball, location: 2F 0-1: Fly out, F6 (Flyball, 6D, EV 85.6 MPH)
|
| Top of the 7th over - 2 runs, 1 hit, 0 errors, 0 left on base; Oklahoma City 3 - Albuquerque 2 |
| BOTTOM OF THE 7TH |
|
Albuquerque Isotopes batting - Pitching for Oklahoma City Dodgers : LHP Alfonso Guillen
|
|
Batting: RHB Nate Carrell
|
0-0: Ball 1-0: Ball 2-0: Ground out 5-3 (Groundball, 5, EV 108.8 MPH)
|
|
Batting: RHB Josh Baker
|
0-0: Swinging Strike 0-1: Ball 1-1: Swinging Strike 1-2: Strikes out looking
|
|
Batting: RHB Ron Johansen
|
0-0: Ball 1-0: Foul Ball, location: 2F 1-1: Foul Ball, location: 2F 1-2: Foul Ball, location: 2F 1-2: Foul Ball, location: 2F 1-2: Ball 2-2: Foul Ball, location: 2F 2-2: Ball 3-2: Base on Balls
|
|
Batting: SHB Pat Wilson
|
0-0: Called Strike Ron Johansen steals 2nd base 0-1: Foul Ball, location: 2F 0-2: Ball 1-2: Ball 2-2: Ball 3-2: Strikes out looking
|
| Bottom of the 7th over - 0 runs, 0 hits, 0 errors, 1 left on base; Oklahoma City 3 - Albuquerque 2 |
| TOP OF THE 8TH |
|
Oklahoma City Dodgers batting - Pitching for Albuquerque Isotopes : LHP Tyler Adams
|
|
Pitching: LHP Jorge Segarra
|
|
|
Batting: RHB Armando Galindo
|
0-0: Ball 1-0: Called Strike 1-1: Fly out, F7 (Flyball, 78M, EV 85.0 MPH)
|
|
Batting: LHB Alex Ramos
|
0-0: Ball 1-0: Called Strike 1-1: Ball 2-1: Ball 3-1: Foul Ball, location: 2F 3-2: Base on Balls
|
|
Batting: RHB Dusty Pollert
|
0-0: Ball 1-0: Foul Ball, location: 2F 1-1: Ball 2-1: Ball 3-1: Swinging Strike 3-2: Strikes out swinging Alex Ramos steals 2nd base Batter strikes out.
|
|
Batting: RHB Steve Perez
|
0-0: Ball 1-0: Ball 2-0: Swinging Strike 2-1: Ball 3-1: SINGLE (Groundball, 56S, EV 64.4 MPH) (infield hit) Alex Ramos to third
|
|
Batting: RHB Terry Jarrells
|
0-0: Called Strike 0-1: Ball 1-1: Reached on error, E6 (Groundball, 6, EV 85.0 MPH) Alex Ramos scores Steve Perez to second
|
|
Batting: RHB Travis Bradfute
|
0-0: Foul Ball, location: 2F 0-1: Foul Ball, location: 2F 0-2: Foul Ball, location: 2F 0-2: Ball 1-2: Ball 2-2: Fly out, F9 (Flyball, 9D, EV 100.6 MPH)
|
| Top of the 8th over - 1 run, 1 hit, 1 error, 2 left on base; Oklahoma City 4 - Albuquerque 2 |
| BOTTOM OF THE 8TH |
|
Albuquerque Isotopes batting - Pitching for Oklahoma City Dodgers : LHP Alfonso Guillen
|
|
Pitching: RHP Josh Thorne
|
|
|
Batting: LHB Tetsuya Oba
|
0-0: Called Strike 0-1: SINGLE (Line Drive, 7S, EV 88.1 MPH)
|
|
Batting: RHB Jerry Castro
|
0-0: Ball 1-0: SINGLE (Groundball, 56S, EV 70.6 MPH) (infield hit) Tetsuya Oba to second
|
|
Batting: SHB Bradley Barrowcliff
|
0-0: Called Strike 0-1: Swinging Strike 0-2: Ball 1-2: Grounds into double play, 4-6-3 (Groundball, 4S, EV 83.8 MPH) Tetsuya Oba to third
|
|
Batting: RHB Bobby Heagle
|
0-0: Foul Ball, location: 2F 0-1: Ground out 6-3 (Groundball, 6, EV 93.1 MPH)
|
| Bottom of the 8th over - 0 runs, 2 hits, 0 errors, 1 left on base; Oklahoma City 4 - Albuquerque 2 |
| TOP OF THE 9TH |
|
Oklahoma City Dodgers batting - Pitching for Albuquerque Isotopes : LHP Jorge Segarra
|
|
Pitching: RHP Calvin Hightower
|
|
|
Batting: RHB Mike Brickey
|
0-0: Fly out, F9 (Flyball, 9, EV 85.0 MPH)
|
|
Batting: RHB Mike Moore
|
0-0: Swinging Strike 0-1: Ball 1-1: Swinging Strike 1-2: Foul Ball, location: 2F 1-2: Foul Ball, location: 2F 1-2: Foul Ball, location: 2F 1-2: SINGLE (Groundball, 5D, EV 95.0 MPH)
|
|
Batting: RHB Justin Anastasio
|
0-0: Called Strike 0-1: Ball 1-1: Called Strike 1-2: Foul Ball, location: 2F 1-2: Ball 2-2: Strikes out swinging
|
|
Batting: RHB Armando Galindo
|
0-0: Ball 1-0: SINGLE (Groundball, 6M, EV 108.8 MPH) Mike Moore to second
|
|
Batting: LHB Alex Ramos
|
0-0: Ball 1-0: Ball 2-0: Called Strike 2-1: SINGLE (Groundball, 4MD, EV 101.9 MPH) Mike Moore to third Armando Galindo to second Runner from 3rd tries for Home, throw by CF and OUT! 8-2
|
| Top of the 9th over - 0 runs, 3 hits, 0 errors, 2 left on base; Oklahoma City 4 - Albuquerque 2 |
| BOTTOM OF THE 9TH |
|
Albuquerque Isotopes batting - Pitching for Oklahoma City Dodgers : RHP Josh Thorne
|
|
Batting: RHB Ben Alspach
|
0-0: Ball 1-0: SINGLE (Groundball, 15S, EV 61.9 MPH) (infield hit)
|
|
Batting: RHB Nate Carrell
|
0-0: Foul Ball, location: 2F 0-1: Ground out 6-3 (Groundball, 6S, EV 63.1 MPH) Ben Alspach to second
|
|
Batting: RHB Josh Baker
|
0-0: Called Strike 0-1: Ground out 6-3 (Groundball, 56, EV 90.0 MPH)
|
|
Batting: RHB Ron Johansen
|
0-0: Ground out U3 (Groundball, 3S, EV 84.4 MPH)
|
| Bottom of the 9th over - 0 runs, 1 hit, 0 errors, 1 left on base; Oklahoma City 4 - Albuquerque 2 |
|